 Dungeon Crawl Stone Soup version 0.30-a0-799-g109b55a442 (webtiles) character file.

Game seed: 9216604079876840243

4 Jeffwins the Digger (level 1, -3/15 HPs)
             Began as a Human Wanderer on Feb 20, 2023.
             Slain by a kobold
             ... wielding a +0 club
              (4 damage)
             ... on level 1 of the Dungeon.
             The game lasted 00:00:26 (29 turns).

Jeffwins the Digger (Human Wanderer)                  Turns: 29, Time: 00:00:26

Health: -3/15      AC:  3    Str:  9    XL:     1   Next: 66%
Magic:  0/2        EV: 12    Int: 16    God:
Gold:   0          SH:  0    Dex: 11    Spells: 1/2 levels left

rFire   . . .      SeeInvis .    a - +0 dagger
rCold   . . .      Faith    .    (no shield)
rNeg    . . .      Spirit   .    c - +0 robe
rPois   .          Reflect  .    d - +0 helmet
rElec   .          Harm     .    (no cloak)
rCorr   .          Rampage  .    (no gloves)
Will    .....                    (no boots)
Stlth   +                        (no amulet)
HPRegen 0.22/turn                (no ring)
MPRegen 0.08/turn                (no ring)

@: no status effects
A: no striking features
a: no special abilities


You were on level 1 of the Dungeon.
You visited 1 branch of the dungeon, and saw 1 of its levels.


   Skills:
 - Level 1.0 Fighting
 - Level 2.0 Dodging
 - Level 1.0 Stealth
 * Level 1.1 Spellcasting
 * Level 0.4 Conjurations
 * Level 1.2 Fire Magic
 - Level 4.0 Earth Magic


You had one spell level left.
You knew the following spells:

 Your Spells              Type           Power      Damage    Failure   Level
z - Foxfire               Conj/Fire      12%        2x1d4     16%         1

Your spell library contained the following spells:

 Spells                   Type           Power      Damage    Failure   Level
 Sandblast                Erth           26%        2d8       4%          1
 Passwall                 Tmut/Erth      5%         N/A       16%         2
 Kindle Blastsparks       Fire/Tloc/Air  4%         2d10      50%         3
 Animate Armour           Summ/Erth      14%        N/A       69%         4

Inventory:

Hand Weapons
 a - a +0 dagger (weapon)
Armour
 c - a +0 robe (worn)
 d - a +0 helmet (worn)
Scrolls
 b - a scroll of fear

Dungeon Overview and Level Annotations

Branches:
Dungeon (1/15)

Altars:

....... .......
#####
...g...###8.8##
....r..#......#
....K..#......#
.......#...8..##
.......#†)....8#
#.'r@....<#
###K.....8#
#...8..##
#......#
#......#
###8.8## #####


You could see a quokka and a kobold.


Message History

You aren't carrying any potions.
You hit the hobgoblin.
The hobgoblin is almost dead.
The quokka bites you but does no damage.
The quokka closely misses you. The kobold hits you but does no damage.
The hobgoblin hits you but does no damage.
Unknown command.
Casting: Foxfire (safe; 17% risk of failure)
Confirm with . or Enter, or press ? or * to list all spells.
You conjure some foxfire!
The quokka closely misses you. The kobold barely misses you.
The hobgoblin hits you.
* * * LOW HITPOINT WARNING * * *
Unknown command.
You hit the quokka.
The quokka is lightly wounded.
The foxfire hits the hobgoblin.
You kill the hobgoblin!
The foxfire hits the kobold but does no damage.
The quokka closely misses you. The kobold closely misses you.
Unknown command.
You barely miss the quokka.
The quokka is lightly wounded.
The quokka bites you.
* * * LOW HITPOINT WARNING * * *
The kobold hits you but does no damage.
Unknown command.
You hit the quokka.
The quokka is heavily wounded.
The quokka barely misses you. The kobold hits you with a +0 club.
You die...

Action                     || total
---------------------------++-------
  Melee: Dagger            ||    15
   Cast: Foxfire           ||     2
 Armour: Robe              ||    11
  Dodge: Dodged            ||    24

Levels and vault maps discovered:
D:1:      mrwooster_arrival_statue_3, layout_rooms

Notes
Turn   | Place    | Note
-------+----------+-------------------------------------------
     0 | D:1      | Jeffwins the Human Wanderer began the quest for the Orb.
     0 | D:1      | Jeffwins set off with the following items: a +0 dagger, a
                  | scroll of fear, a +0 robe, a +0 helmet; and the following
                  | spells available to memorise: Sandblast, Passwall, Foxfire,
                  | Kindle Blastsparks, Animate Armour.
     0 | D:1      | Reached XP level 1. HP: 15/15 MP: 2/2
     2 | D:1      | Learned a level 1 spell: Foxfire
    28 | D:1      | HP: 1/15 [quokka (4)]
    29 | D:1      | Slain by a kobold

Vanquished Creatures
  A goblin (D:1)
  A hobgoblin (D:1)
  A quokka (D:1)
3 creatures vanquished.

Vanquished Creatures (others)
  4 foxfires (D:1)
4 creatures vanquished.

Grand Total: 7 creatures vanquished

Table legend: (Time is in decaauts)
 A = Elapsed time spent in this place.
 B = Non-inter-level travel time spent in this place.
 C = Inter-level travel time spent in this place.
 D = Time resting spent in this place.
 E = Time spent auto-exploring this place.
 F = Levels seen in this place.
 G = Mean time per level.
                   A        B        C        D        E       F      G
               +--------+--------+--------+--------+--------+-----+--------+
         Total |     29 |     29 |      0 |      0 |      6 |   1 |   29.0 |
       Dungeon |     29 |     29 |      0 |      0 |      6 |   1 |   29.0 |
               +--------+--------+--------+--------+--------+-----+--------+

Top non-repeatable levels by time:
     D:1: 29 daAuts

Table legend:
 A = Non-vault XP
 B = Vault XP
 C = Vault XP percentage of total XP
 D = Non-vault monster count
 E = Vault monster count
 F = Vault count percentage of total count
                 A         B        C        D         E       F
            +---------+---------+-------+---------+---------+-------
      Total |       6 |       0 |   0.0 |       3 |       0 |   0.0
            +---------+---------+-------+---------+---------+-------
        D:1 |       6 |       0 |   0.0 |       3 |       0 |   0.0
            +---------+---------+-------+---------+---------+-------
